Map: Simulacrum LE

Players

RedReaperz - Winner!

  • Race: Protoss Protoss
  • Spawn Location: 11:00

Rambo

  • Race: Protoss Protoss
  • League: Platinum
  • Spawn Location: 5:00

VOD

Have the link to the VOD?

Description

Time

  • Played on: May 22, 2020, 12:31 a.m.
  • Length: 6:43
Show
View Real Time Build Order
Export as new Build Order

RedReaperz Protoss - Winner!

Build Orders:  

Get SALT Encoding   

  12  0:01  Probe  
  13  0:13  Probe  
  14  0:19  Pylon  
  14  0:25  Probe  
  15  0:37  Probe (Chrono Boost)  
  15  0:38  Gateway  
  16  0:47  Assimilator  
  16  0:48  Probe (Chrono Boost)  
  17  0:53  Probe (Chrono Boost)  
  18  1:04  Probe  
  19  1:06  Pylon  
  19  1:16  Probe  
  20  1:21  Gateway  
  20  1:28  Probe  
  20  1:30  Cybernetics Core  
  21  1:33  Zealot  
  23  1:43  Assimilator  
  23  1:46  Probe  
  24  2:06  Stalker  
  24  2:08  Stalker  
  28  2:18  Warp Gate (Chrono Boost)  
  28  2:28  Gateway  
  28  2:35  Gateway  
  28  2:47  Pylon  
  28  2:48  Pylon  
  28  2:57  Stalker  
  28  2:58  Stalker  
  32  3:18  Stalker  
  34  3:30  Stalker  
  36  3:44  Stalker x2  
  36  3:48  Stalker  
  42  3:49  Pylon  
  40  4:07  Pylon  
  40  4:09  Stalker  
  42  4:25  Stalker  
  42  4:26  Stalker x2  
  42  4:30  Stalker  
  50  4:55  Stalker  
  50  4:56  Stalker  
  50  4:57  Zealot  
  50  4:59  Stalker  
  58  5:20  Pylon  
  58  5:27  Pylon  
  58  5:39  Stalker x3  
  58  5:40  Stalker  
  58  6:05  Stalker x2  
  58  6:06  Zealot  
  58  6:07  Zealot  
  58  6:28  Stalker x2  
  58  6:31  Zealot  
Show
View Real Time Build Order
Export as new Build Order

Rambo Protoss 

Build Orders:  

Get SALT Encoding   

  12  0:00  Probe  
  13  0:13  Probe  
  14  0:18  Pylon  
  14  0:25  Probe  
  15  0:36  Gateway  
  15  0:38  Probe (Chrono Boost)  
  16  0:48  Probe (Chrono Boost)  
  17  0:52  Assimilator  
  17  0:54  Assimilator  
  17  0:57  Probe  
  18  1:09  Probe  
  19  1:12  Gateway  
  19  1:25  Probe  
  20  1:31  Cybernetics Core  
  20  1:37  Probe (Chrono Boost)  
  21  1:42  Pylon  
  22  1:47  Probe (Chrono Boost)  
  22  1:52  Probe (Chrono Boost)  
  23  2:03  Probe  
  23  2:04  Warp Gate (Chrono Boost)  
  23  2:07  Stalker  
  26  2:09  Stalker  
  28  2:15  Probe  
  28  2:22  Pylon  
  29  2:28  Probe  
  30  2:39  Stalker  
  30  2:40  Probe  
  30  2:43  Stalker  
  34  2:52  Probe  
  35  2:59  Pylon  
  35  3:04  Probe  
  35  3:05  Robotics Facility  
  36  3:42  Probe  
  37  3:54  Probe  
  34  4:03  Stalker x2  
  34  4:06  Observer (Chrono Boost)  
  39  4:16  Nexus  
  39  4:19  Gateway x2  
  39  4:24  Immortal (Chrono Boost)  
  39  4:28  Pylon  
  43  4:34  Probe  
  44  4:44  Shield Battery  
  44  4:46  Pylon  
  44  4:48  Twilight Council  
  44  4:57  Immortal (Chrono Boost)  
  48  5:07  Stalker  
  50  5:13  Stalker  
  52  5:23  Stalker  
  54  5:29  Observer  
  54  5:30  Probe  
  54  5:31  Probe  
  57  5:44  Forge  
  57  5:58  Zealot x2  
  57  5:59  Zealot  
  57  6:07  Zealot  
  41  6:23  Stalker x2  
  41  6:24  Stalker  
  38  6:27  Stalker  
Tags
 
League
Platinum
Matchup
PvP
Spawn Locations
Cross Positions
Add a new tag
Caveats
  • Supply blocks, unpowered buildings, or Contaminate may cause inaccurate times.
  • Supply counts are checked every 10 seconds.